 Dungeon Crawl Stone Soup version 0.30-a0-629-gd54f4be4f7 (webtiles) character file.

Game seed: 12607118165123450347

24 IdlyInterested the Trooper (level 2, -1/23 HPs)
             Began as a Demonspawn Gladiator on Jan 12, 2023.
             Succumbed to a goblin's poison
             ... on level 2 of the Dungeon.
             The game lasted 00:02:24 (1104 turns).

IdlyInterested the Trooper (Demonspawn Gladiator)   Turns: 1104, Time: 00:02:24

Health: -1/23      AC:  6    Str: 14    XL:     2   Next: 79%
Magic:  2/2        EV: 11    Int:  9    God:
Gold:   17         SH:  0    Dex: 14    Spells: 1/1 levels left

rFire   . . .      SeeInvis .    a - +0 war axe
rCold   . . .      Faith    .    (no shield)
rNeg    . . .      Spirit   .    g - +0 ring mail
rPois   .          Reflect  .    c - +0 helmet
rElec   .          Harm     .    (no cloak)
rCorr   .          Rampage  .    (no gloves)
Will    .....                    (no boots)
Stlth   +                        (no amulet)
HPRegen 0.23/turn                (no ring)
MPRegen 0.08/turn                (no ring)

@: lethally poisoned (-1 -> -20)
A: weakness stinger 1
a: no special abilities


You were on level 2 of the Dungeon.
You visited 1 branch of the dungeon, and saw 2 of its levels.

You collected 83 gold pieces.
You spent 66 gold pieces at shops.

Inventory:

Hand Weapons
 a - a +0 war axe (weapon)
 j - a +0 flail
Missiles
 d - 3 throwing nets
 e - a javelin
 h - 18 stones (quivered)
Armour
 b - a +0 leather armour
 c - a +0 helmet (worn)
 g - a +0 ring mail (worn)
Scrolls
 f - 4 scrolls of identify {unknown}
 i - 3 scrolls of teleportation {unknown}
 k - a scroll of vulnerability {unknown}
Potions
 l - a potion of might {unknown}


   Skills:
 * Level 2.9 Fighting
 - Level 2.6 Axes
 - Level 1.7 Throwing
 - Level 1.0 Armour
 - Level 2.6 Dodging
 * Level 0.8 Stealth


You had one spell level left.
You didn't know any spells.
Your spell library was empty.

Dungeon Overview and Level Annotations

Branches:
Dungeon (2/15)

Altars:

Shops:
D:1 *


Innate Abilities, Weirdness & Mutations

You have a small tail.


Message History

Found a scroll labelled OWKUELLAAMI and a short sword.
There is a stone staircase leading up here.
f - 4 scrolls labelled OWKUELLAAMI (gained 1)
There is a stone staircase leading up here.
You climb upwards.
There is a stone staircase leading down here.
You see here a +0 whip.
There is an open door here.
There is an open door here.
There is an escape hatch in the floor here.
You slide downwards.
The hatch slams shut behind you.
A goblin comes into view. It is wielding a +1 dagger of venom.
The goblin shouts!
You closely miss the goblin. The goblin hits you but does no damage.
You are poisoned.
The goblin hits you with a +1 dagger of venom.
You are more poisoned.
You closely miss the goblin. You tail-slap the goblin.
The goblin is moderately wounded.
You feel very sick. The goblin barely misses you.
You closely miss the goblin.
The goblin is moderately wounded.
You feel sick.
The goblin hits you with a +1 dagger of venom.
You are lethally poisoned!
You closely miss the goblin. You tail-slap the goblin.
The goblin is heavily wounded.
You feel very sick. The goblin barely misses you.
The goblin closely misses you.
You closely miss the goblin.
The goblin is heavily wounded.
* * * LOW HITPOINT WARNING * * *
You feel very sick.
The goblin hits you with a +1 dagger of venom.
* * * LOW HITPOINT WARNING * * *
You are more poisoned.
You slash the goblin!
You kill the goblin!
You die...

#.#.)...<......#
#.
#....###########
# #. #.#.....#
..###.###..######
#.........##
#.....##..#
#........###♣♣
#............♣
#....)@.......♣
#..............♣
#.......#.....♣.
#######...##♣♣♣
#.### #.# #.# .#


There were no monsters in sight!

Vanquished Creatures
  A dart slug (D:2)
  3 endoplasms (D:1)
  5 goblins
  2 hobgoblins (D:1)
  A kobold (D:1)
  6 bats (D:1)
  2 rats (D:1)
20 creatures vanquished.

Notes
Turn   | Place    | Note
-------+----------+-------------------------------------------
     0 | D:1      | IdlyInterested the Demonspawn Gladiator began the quest for
                  | the Orb.
     0 | D:1      | Reached XP level 1. HP: 16/16 MP: 1/1
   345 | D:1      | Discovered your monstrous ancestry.
   345 | D:1      | Gained mutation: You have a small tail. [demonic ancestry]
   345 | D:1      | Reached XP level 2. HP: 17/23 MP: 2/2
   398 | D:1      | Reached skill level 1 in Armour
   487 | D:1      | Found Luhiroosch's Assorted Antiques.
   915 | D:1      | Bought a scroll labelled OWKUELLAAMI for 23 gold pieces
   915 | D:1      | Bought a scroll labelled OWKUELLAAMI for 23 gold pieces
   915 | D:1      | Bought a lumpy emerald potion for 20 gold pieces
  1104 | D:2      | Succumbed to a goblin's poison

Illustrated notes

Levels and vault maps discovered:
D:1:      heliophobic_arrival_battle_scene, layout_loops_corners, serial_shops,
          nicolae_shop_overgrown_old_shop
D:2:      layout_rooms, basic_altar, minivault_26, fountainhead,
          uniq_crazy_yiuf_cottage

Skill      XL: |  1  2 |
---------------+-------+-----
Armour         | 1 |  1.0
Fighting       | |  2.9
Axes           | |  2.6
Throwing       | |  1.7
Dodging        | |  2.6
Stealth        | |  0.8

Action                   || total
-------------------------++-------
Melee: War axe           ||    52
       Punch             ||     1
       Tailslap          ||     2
Armor: Ring mail         ||    27
Dodge: Dodged            ||    39

Table legend: (Time is in decaauts)
 A = Elapsed time spent in this place.
 B = Non-inter-level travel time spent in this place.
 C = Inter-level travel time spent in this place.
 D = Time resting spent in this place.
 E = Time spent auto-exploring this place.
 F = Levels seen in this place.
 G = Mean time per level.
                   A        B        C        D        E       F      G
               +--------+--------+--------+--------+--------+-----+--------+
         Total |   1123 |    910 |    213 |     52 |    653 |   2 |  561.5 |
       Dungeon |   1123 |    910 |    213 |     52 |    653 |   2 |  561.5 |
               +--------+--------+--------+--------+--------+-----+--------+

Top non-repeatable levels by time:
     D:1: 1093 daAuts
     D:2: 30 daAuts
